 Dungeon Crawl Stone Soup version 0.29-a0-284-gf9362112df (webtiles) character file.

Game seed: 16709215531140940159

63 enile the Skirmisher (level 4, -1/48 HPs)
             Began as an Ogre Fire Elementalist on Mar 23, 2022.
             Was a Follower of the Shining One.
             Slain by an orc
             ... wielding a +0 morningstar
              (12 damage)
             ... on level 2 of the Dungeon.
             The game lasted 00:01:50 (2448 turns).

enile the Skirmisher (Ogre Fire Elementalist)       Turns: 2448, Time: 00:01:51

Health: -1/48      AC:  3    Str: 12    XL:     4   Next: 9%
Magic:  5/8        EV:  9    Int: 18    God:    the Shining One [*.....]
Gold:   31         SH:  0    Dex:  9    Spells: 8/9 levels left

rFire   . . .      SeeInvis .   b - +0 dagger
rCold   . . .      Faith    .   (no shield)
rNeg    . . .      Spirit   .   a - +0 robe
rPois   .          Reflect  .   (helmet restricted)
rElec   .          Harm     .   (no cloak)
rCorr   .          Rampage  .   (gloves unavailable)
Will    .....                   (boots unavailable)
Stlth   +.........              (no amulet)
HPRegen 0.16/turn               (no ring)
MPRegen 0.11/turn               (no ring)

@: glowing
A: large, unfitting armour, tough skin 1
a: Renounce Religion, Divine Shield


You were on level 2 of the Dungeon.
You worshipped the Shining One.
The Shining One was aware of your devotion.
You visited 1 branch of the dungeon, and saw 2 of its levels.

You collected 31 gold pieces.

Inventory:

Hand Weapons
 b - a +0 dagger (weapon)
Missiles
 i - 8 large rocks
Armour
 a - a +0 robe (worn)
Scrolls
 c - 2 scrolls of fog {unknown}
 d - a scroll of amnesia {unknown}
 h - a scroll of enchant weapon {unknown}
 j - a scroll of identify {unknown}
 l - a scroll of noise {unknown}
Potions
 e - a potion of attraction {unknown}
 f - a potion of mutation {unknown}
 g - a potion of magic
 k - 2 potions of flight {unknown}
 m - a potion of cancellation {unknown}
 n - a potion of heal wounds {unknown}
 o - a potion of curing {unknown}


   Skills:
 - Level 4.0 Fighting
 - Level 1.7 Dodging
 - Level 1.4 Stealth
 + Level 3.3 Spellcasting
 - Level 0.8 Conjurations
 - Level 2.6 Fire Magic


You had 8 spell levels left.
You knew the following spells:

 Your Spells              Type           Power      Damage    Failure   Level
a - Foxfire               Conj/Fire      36%        2x1d5     8%          1

Your spell library contained the following spells:

 Spells                   Type           Power      Damage    Failure   Level
 Scorch                   Fire           24%        2d6       8%          2
 Beastly Appendage        Tmut           4%         N/A       16%         1
 Conjure Flame            Conj/Fire      9%         6-21      22%         3
 Wereblood                Tmut           2%         N/A       24%         2
 Inner Flame              Hex/Fire       7%         N/A       26%         3
 Spider Form              Tmut/Pois      2%         N/A       43%         3
 Flame Wave               Conj/Fire      9%         2d5       58%         4


Dungeon Overview and Level Annotations

Branches:
Dungeon (2/15)

Altars:
The Shining One


Innate Abilities, Weirdness & Mutations

You are too large for most types of armour.
You have tough skin. (AC +1)


Message History

Casting: Foxfire (safe; 8% risk of failure)
Confirm with . or Enter, or press ? or * to list all spells.
You conjure some foxfire!
The foxfire hits the orc but does no damage. x2
Casting: Foxfire (safe; 8% risk of failure)
Confirm with . or Enter, or press ? or * to list all spells.
You conjure some foxfire!
The foxfire hits the orc but does no damage. x2
Casting: Foxfire (safe; 8% risk of failure)
Confirm with . or Enter, or press ? or * to list all spells.
You conjure some foxfire!
The foxfire hits the orc but does no damage.
The foxfire hits the orc but does no damage.
You hit the orc. Your punch misses the orc.
The orc is heavily wounded.
The orc hits you with a +0 falchion. The orc hits you with a +0 morningstar!
The orc hits you with a +0 mace.
You hit the orc.
The orc is heavily wounded.
The orc barely misses you. x2; The orc closely misses you.
You hit the orc.
The orc is severely wounded.
The orc hits you but does no damage. The orc closely misses you.
The orc hits you with a +0 mace.
You hit the orc.
You kill the orc!
The orc hits you with a +0 morningstar! The orc barely misses you.
Casting: Foxfire (safe; 8% risk of failure)
Confirm with . or Enter, or press ? or * to list all spells.
You conjure some foxfire!
The orc closely misses you. The orc hits you with a +0 mace.
The foxfire hits the orc.
The orc is severely wounded.
The foxfire hits the orc.
The orc is almost dead.
The orc hits you with a +0 morningstar.
* * * LOW HITPOINT WARNING * * *
The orc barely misses you. The orc attacks as you move away!
The orc hits you with a +0 morningstar!
You die...

##########†### ##.......
.........#†..#######..#.#.##
........................#...
..............>......####.#.
....................[.......
.......................##.#.
.........(.............##...
.....)....................#
...........@...........##.#
..........)oo........<.##.#
....>....#......÷......##.#
##########..............#.##
#..................
#...............^..
...................
.....#..#..........
##............


You could see 2 orcs.

Vanquished Creatures
  An adder (D:2)
  A worm (D:2)
  2 dart slugs (D:1)
  An orc (D:2)
  4 ball pythons
  3 endoplasms
  3 giant cockroaches (D:2)
  5 goblins
  5 hobgoblins
  4 jackals (D:1)
  4 kobolds (D:1)
  2 quokkas
  A bat (D:1)
  A frilled lizard (D:2)
  A rat (D:1)
38 creatures vanquished.

Vanquished Creatures (others)
  130 foxfires
130 creatures vanquished.

Grand Total: 168 creatures vanquished

Notes
Turn   | Place    | Note
-------+----------+-------------------------------------------
     0 | D:1      | enile the Ogre Fire Elementalist began the quest for the
                  | Orb.
     0 | D:1      | Reached XP level 1. HP: 16/16 MP: 3/3
    52 | D:1      | Reached skill level 1 in Fighting
   309 | D:1      | Reached skill level 2 in Fighting
   309 | D:1      | Reached XP level 2. HP: 17/28 MP: 1/5
  1082 | D:1      | Reached skill level 3 in Fighting
  1282 | D:1      | Reached XP level 3. HP: 37/37 MP: 1/6
  1524 | D:1      | Found a faded altar of an unknown god.
  1808 | D:1      | Prayed at the altar of an unknown god.
  1808 | D:1      | Became a worshipper of the Shining One
  1808 | D:1      | Reached * piety under the Shining One
  1928 | D:2      | Reached skill level 4 in Fighting
  2336 | D:2      | Reached XP level 4. HP: 48/48 MP: 4/8
  2448 | D:2      | Slain by an orc

Illustrated notes

Levels and vault maps discovered:
D:1:      dpeg_arrival_round_a, layout_basic,
          shapermc_ecumenical_altar_starsandcircs
D:2:      layout_rooms

Skill      XL: |  1  2  3 |
---------------+----------+-----
Fighting       | 2 3 4 |  4.0
Spellcasting   | 3 |  3.3
Dodging        | |  1.7
Stealth        | |  1.4
Conjurations   | |  0.8
Fire Magic     | |  2.6

Action                   |  1- 3 |  4- 6 || total
-------------------------+-------+-------++-------
Melee: Dagger            |    50 |    16 ||    66
       Unarmed           |     1 |       ||     1
 Cast: Foxfire           |    80 |     8 ||    88
  Use: Potion            |     1 |       ||     1
Armor: Robe              |    35 |     2 ||    37
Dodge: Dodged            |    35 |    11 ||    46

Table legend: (Time is in decaauts)
 A = Elapsed time spent in this place.
 B = Non-inter-level travel time spent in this place.
 C = Inter-level travel time spent in this place.
 D = Time resting spent in this place.
 E = Time spent auto-exploring this place.
 F = Levels seen in this place.
 G = Mean time per level.
                   A        B        C        D        E       F      G
               +--------+--------+--------+--------+--------+-----+--------+
         Total |   2450 |   2432 |     18 |      0 |   2068 |   2 | 1225.0 |
       Dungeon |   2450 |   2432 |     18 |      0 |   2068 |   2 | 1225.0 |
               +--------+--------+--------+--------+--------+-----+--------+

Top non-repeatable levels by time:
     D:1: 1903 daAuts
     D:2: 546 daAuts
